Avalanche vs Golden Knights

Created - November 7, 2023 at 22:43

Goals
1 2 3 T
Avalanche 2 1 1 4
Golden Knights 1 0 2 3
Shots
1 2 3 T
Avalanche 12 10 11 33
Golden Knights 8 3 10 21

GoalsPenalties
1st period
1. Golden Knights , Jakob Chychrun 2 (T.J. Oshie 5, Marcus Foligno 1) at 1:39 (PP)
2. Avalanche , Travis Sanheim 2 (Tim Stutzle 6) at 3:02
3. Avalanche , Michael Anderson 2 (Patrik Laine 7, Mikko Rantanen 9) at 7:50
Nick Blankenburg (COL) for Holding Stick (Minor) at 0:33
Blake Wheeler (COL) for Hooking (Minor) at 18:49
2nd period
4. Avalanche , Mikko Rantanen 7 (Adam Henrique 6) at 15:10
No Penalty
3rd period
5. Avalanche , Troy Terry 8 (Max Pacioretty 7, Josh Norris 7) at 9:00
6. Golden Knights , Tomas Hertl 4 (Miro Heiskanen 9, Zach Werenski 9) at 13:32 (PP)
7. Golden Knights , Derek Grant 1 (Rafael Harvey-Pinard 1, Travis Hamonic 1) at 14:04
Mike Matheson (COL) for Hooking (Minor) at 13:18
T.J. Oshie (VGK) for Interference (Minor) at 15:20
Goalie Stats
Juuse Saros (COL), 18 saves from 21 shots - (0.857), W, 5-4-1, 60:00 minutes
Thomas Greiss (VGK), 29 saves from 33 shots - (0.879), L, 0-1-0, 59:03 minutes
3 StarsOfficial
1 - Michael Anderson (COL)
2 - Mikko Rantanen (COL)
3 - Travis Sanheim (COL)
Referees : Pierre Lambert and Conor O'Donnell
Linesman : Shaun Morgan and Stephen Drain
Game Note
No Game Note
Finance
Level 1 -- Attendance: 6500 (100.00%) -- Ticket Income $715,000
Level 2 -- Attendance: 4805 (96.10%) -- Ticket Income $394,010
Level 3 -- Attendance: 3462 (98.91%) -- Ticket Income $218,106
Level 4 -- Attendance: 3274 (92.56%) -- Ticket Income $65,480
Luxury Box -- Attendance: 928 (92.80%) -- Ticket Income $208,800
Game was played at the T-Mobile Arena.
Total Attendance: 18969 (97.09%)
Total Ticket Income: $1,601,396
Other Income: $400,349
Total Income: $2,001,745



Team Name Goals Shots Shots Attemp Shots Blocked PIM HIT PP PK FO%
Avalanche 43361146210 / 1 (0%)247%
Golden Knights 3215662192 / 3 (67%)053%

Avalanche
Player Name POS G A P +/- PIM HIT SHT SB MP PP MP PP SHT PK MP PK SHT FO% FOT
Adam HenriqueC0112001015:111:0100:00050% 20
Arber XhekajD0003040215:560:0000:1400% 0
Blake WheelerRW0001200014:180:0000:000100% 1
Colton ParaykoD000-1003524:061:0101:4000% 0
Connor DewarC0000001013:220:0002:31050% 2
Dillon DubeC0000002011:390:0000:4800% 1
Jonathan ToewsC0001012016:500:0002:31050% 20
Josh NorrisC0110033016:200:5800:00053% 19
Max PaciorettyLW0110002015:571:0100:0000% 2
Michael AndersonD1013021317:210:0001:3900% 0
Mike MathesonD0001231224:431:0101:2600% 0
Mikko RantanenRW1122012015:371:0110:0000% 2
Nick BlankenburgD000-1221017:400:5800:0000% 0
Patrik LaineLW0112003015:080:5800:0000% 1
Ross ColtonC0000031011:390:0000:48047% 15
Tim StutzleLW0111004014:450:0000:0000% 0
Travis SanheimD1011011220:120:5801:3900% 0
Troy TerryRW1010015015:540:5800:0000% 0
Golden Knights
Player Name POS G A P +/- PIM HIT SHT SB MP PP MP PP SHT PK MP PK SHT FO% FOT
Adam BoqvistD000-2012019:421:3610:5800% 0
Artemi PanarinLW000-3021119:091:2900:07067% 3
Austin WatsonLW000000006:280:0000:0000% 0
Conor TimminsD0000022014:380:0000:0000% 0
Derek GrantC101001107:040:0000:36033% 9
Jack RoslovicC0000001014:530:0000:07044% 16
Jakob ChychrunD101-2001118:441:3610:0000% 0
Kirby DachC0000001015:550:0000:000100% 2
Marcus FolignoLW0110011017:521:5001:1600% 1
Mark StoneRW000-3001019:021:2900:000100% 1
Miro HeiskanenD011-1032225:401:4311:0100% 0
Nick SuzukiC0000021017:501:2900:00059% 22
Rafael Harvey-PinardLW011000006:280:0000:0000% 1
T.J. OshieRW0110232017:441:5010:000100% 3
Tomas HertlC101-3014020:131:5011:16052% 25
Travis HamonicD0110030115:360:0000:5800% 0
Vladislav NamestnikovC0000000015:220:0000:3600% 0
Zach WerenskiD011-1001125:401:4301:0100% 0



Play-by-Play

1st period


0:01 of 1st period - Josh Norris wins face-off versus Tomas Hertl in neutral zone.
0:18 of 1st period - Icing by Colton Parayko.
0:19 of 1st period - Josh Norris wins face-off versus Nick Suzuki in Avalanche zone.
0:33 of 1st period - Minor Penalty to Nick Blankenburg for Holding Stick.
0:34 of 1st period - Nick Suzuki wins face-off versus Jonathan Toews in Avalanche zone.
0:49 of 1st period - Shot by Zach Werenski.
0:49 of 1st period - Shot Blocked by Michael Anderson.
0:51 of 1st period - Shot by Zach Werenski.
0:51 of 1st period - Shot Blocked by Travis Sanheim.
0:53 of 1st period - Shot by Miro Heiskanen.
0:53 of 1st period - Shot Misses the Net.
0:55 of 1st period - Shot by Mark Stone.
0:55 of 1st period - Deflect By Artemi Panarin.
0:55 of 1st period - Shot Misses the Net.
0:57 of 1st period - Shot by Mark Stone.
0:57 of 1st period - Shot Misses the Net.
0:59 of 1st period - Shot by Nick Suzuki.
0:59 of 1st period - Shot Misses the Net.
1:13 of 1st period - Shot by Miro Heiskanen.
1:13 of 1st period - Stopped by Juuse Saros without a rebound.
1:14 of 1st period - Tomas Hertl wins face-off versus Dillon Dube in Avalanche zone.
1:34 of 1st period - T.J. Oshie is hit by Ross Colton and loses puck.
1:39 of 1st period - Shot by Jakob Chychrun.
1:39 of 1st period - Goal by Jakob Chychrun - Avalanche : 0 - Golden Knights : 1.
1:40 of 1st period - Adam Henrique wins face-off versus Derek Grant in neutral zone.
1:44 of 1st period - Mikko Rantanen is hit by Travis Hamonic and loses puck.
2:50 of 1st period - Blake Wheeler is hit by Conor Timmins.
3:02 of 1st period - Shot by Travis Sanheim.
3:02 of 1st period - Goal by Travis Sanheim - Avalanche : 1 - Golden Knights : 1.
3:03 of 1st period - Jack Roslovic wins face-off versus Ross Colton in neutral zone.
3:05 of 1st period - Zach Werenski is hit by Nick Blankenburg and loses puck.
3:55 of 1st period - Jack Roslovic is hit by Mike Matheson and loses puck.
4:36 of 1st period - Shot by Travis Sanheim.
4:36 of 1st period - Shot Blocked by Zach Werenski.
5:11 of 1st period - Jakob Chychrun is hit by Michael Anderson and loses puck.
5:18 of 1st period - Shot by Mark Stone.
5:18 of 1st period - Stopped by Juuse Saros without a rebound.
5:19 of 1st period - T.J. Oshie wins face-off versus Adam Henrique in Avalanche zone.
5:37 of 1st period - Icing by Travis Hamonic.
5:38 of 1st period - T.J. Oshie wins face-off versus Ross Colton in Golden Knights zone.
5:57 of 1st period - Conor Timmins is hit by Ross Colton and loses puck.
6:40 of 1st period - Shot by Troy Terry.
6:40 of 1st period - Deflect By Max Pacioretty.
6:40 of 1st period - Shot Misses the Net.
6:42 of 1st period - Shot by Josh Norris.
6:42 of 1st period - Shot Misses the Net.
6:56 of 1st period - Shot by Max Pacioretty.
6:56 of 1st period - Shot Misses the Net.
6:58 of 1st period - Shot by Nick Blankenburg.
6:58 of 1st period - Shot Misses the Net.
7:06 of 1st period - Shot by Josh Norris.
7:06 of 1st period - Stopped by Thomas Greiss without a rebound.
7:07 of 1st period - Tomas Hertl wins face-off versus Mikko Rantanen in Golden Knights zone.
7:46 of 1st period - Shot by Patrik Laine.
7:46 of 1st period - Shot Blocked by Artemi Panarin.
7:48 of 1st period - Shot by Michael Anderson.
7:48 of 1st period - Shot Misses the Net.
7:50 of 1st period - Shot by Michael Anderson.
7:50 of 1st period - Goal by Michael Anderson - Avalanche : 2 - Golden Knights : 1.
7:51 of 1st period - Jonathan Toews wins face-off versus Jack Roslovic in neutral zone.
8:22 of 1st period - Shot by Tim Stutzle.
8:22 of 1st period - Stopped by Thomas Greiss without a rebound.
8:23 of 1st period - Josh Norris wins face-off versus Derek Grant in Golden Knights zone.
8:40 of 1st period - Shot by Colton Parayko.
8:40 of 1st period - Stopped by Thomas Greiss without a rebound.
8:41 of 1st period - Adam Henrique wins face-off versus Tomas Hertl in Golden Knights zone.
8:44 of 1st period - Shot by Patrik Laine.
8:44 of 1st period - Stopped by Thomas Greiss with a rebound.
9:08 of 1st period - Shot by Adam Henrique.
9:08 of 1st period - Shot Blocked by Miro Heiskanen.
9:10 of 1st period - Shot by Mike Matheson.
9:10 of 1st period - Stopped by Thomas Greiss without a rebound.
9:11 of 1st period - Kirby Dach wins face-off versus Jonathan Toews in Golden Knights zone.
9:55 of 1st period - Off-side.
9:56 of 1st period - Tomas Hertl wins face-off versus Josh Norris in neutral zone.
10:25 of 1st period - Shot by Mark Stone.
10:25 of 1st period - Shot Misses the Net.
10:27 of 1st period - Shot by Tomas Hertl.
10:27 of 1st period - Stopped by Juuse Saros with a rebound.
11:17 of 1st period - Off-side.
11:18 of 1st period - Nick Suzuki wins face-off versus Adam Henrique in neutral zone.
11:24 of 1st period - Icing by Michael Anderson.
11:25 of 1st period - Nick Suzuki wins face-off versus Patrik Laine in Avalanche zone.
11:48 of 1st period - Shot by Mikko Rantanen.
11:48 of 1st period - Shot Misses the Net.
12:02 of 1st period - Shot by Mikko Rantanen.
12:02 of 1st period - Shot Misses the Net.
12:08 of 1st period - Shot by Adam Henrique.
12:08 of 1st period - Shot Misses the Net.
12:10 of 1st period - Shot by Michael Anderson.
12:10 of 1st period - Shot Misses the Net.
12:39 of 1st period - Icing by Jakob Chychrun.
12:40 of 1st period - Nick Suzuki wins face-off versus Ross Colton in Golden Knights zone.
14:20 of 1st period - Shot by Troy Terry.
14:20 of 1st period - Stopped by Thomas Greiss without a rebound.
14:21 of 1st period - Derek Grant wins face-off versus Jonathan Toews in Golden Knights zone.
15:55 of 1st period - Shot by Artemi Panarin.
15:55 of 1st period - Stopped by Juuse Saros with a rebound.
15:57 of 1st period - Shot by Zach Werenski.
15:57 of 1st period - Shot Misses the Net.
15:59 of 1st period - Shot by Mark Stone.
15:59 of 1st period - Shot Misses the Net.
16:01 of 1st period - Shot by Miro Heiskanen.
16:01 of 1st period - Shot Misses the Net.
16:03 of 1st period - Shot by Miro Heiskanen.
16:03 of 1st period - Stopped by Juuse Saros with a rebound.
16:09 of 1st period - Shot by Mark Stone.
16:09 of 1st period - Shot Blocked by Colton Parayko.
16:24 of 1st period - Marcus Foligno is hit by Nick Blankenburg and loses puck.
16:37 of 1st period - Shot by Jack Roslovic.
16:37 of 1st period - Stopped by Juuse Saros without a rebound.
16:38 of 1st period - Nick Suzuki wins face-off versus Josh Norris in Avalanche zone.
16:38 of 1st period - Conor Timmins is hit by Mike Matheson.
16:53 of 1st period - Shot by Max Pacioretty.
16:53 of 1st period - Stopped by Thomas Greiss without a rebound.
16:54 of 1st period - Jack Roslovic wins face-off versus Ross Colton in Golden Knights zone.
17:02 of 1st period - Icing by Miro Heiskanen.
17:03 of 1st period - Josh Norris wins face-off versus Jack Roslovic in Golden Knights zone.
17:12 of 1st period - Shot by Troy Terry.
17:12 of 1st period - Shot Misses the Net.
18:22 of 1st period - Shot by Tim Stutzle.
18:22 of 1st period - Deflect By Blake Wheeler.
18:22 of 1st period - Shot Misses the Net.
18:24 of 1st period - Shot by Jonathan Toews.
18:24 of 1st period - Stopped by Thomas Greiss without a rebound.
18:25 of 1st period - Kirby Dach wins face-off versus Ross Colton in Golden Knights zone.
18:25 of 1st period - T.J. Oshie is hit by Ross Colton and loses puck.
18:32 of 1st period - Shot by Dillon Dube.
18:32 of 1st period - Stopped by Thomas Greiss with a rebound.
18:34 of 1st period - Shot by Ross Colton.
18:34 of 1st period - Shot Misses the Net.
18:36 of 1st period - Shot by Colton Parayko.
18:36 of 1st period - Stopped by Thomas Greiss without a rebound.
18:37 of 1st period - Blake Wheeler wins face-off versus Derek Grant in Golden Knights zone.
18:49 of 1st period - Minor Penalty to Blake Wheeler for Hooking.
18:50 of 1st period - Jonathan Toews wins face-off versus Tomas Hertl in Avalanche zone.
18:50 of 1st period - Jonathan Toews is hit by T.J. Oshie.
19:10 of 1st period - Shot by T.J. Oshie.
19:10 of 1st period - Stopped by Juuse Saros without a rebound.
19:11 of 1st period - Jonathan Toews wins face-off versus Artemi Panarin in Avalanche zone.
19:11 of 1st period - Jonathan Toews is hit by Nick Suzuki.
19:33 of 1st period - Icing by Nick Suzuki.
19:34 of 1st period - Jonathan Toews wins face-off versus Nick Suzuki in Golden Knights zone.
19:40 of 1st period - Icing by Miro Heiskanen.
19:41 of 1st period - Nick Suzuki wins face-off versus Jonathan Toews in Golden Knights zone.
Goals for this period are 2 for Avalanche vs 1 for Golden Knights.
Shots for this period are 12 for Avalanche vs 8 for Golden Knights.

2nd period


0:01 of 2nd period - Tomas Hertl wins face-off versus Jonathan Toews in neutral zone.
0:04 of 2nd period - Shot by Adam Boqvist.
0:04 of 2nd period - Stopped by Juuse Saros with a rebound.
0:18 of 2nd period - Shot by T.J. Oshie.
0:18 of 2nd period - Shot Blocked by Michael Anderson.
1:55 of 2nd period - Off-side.
1:56 of 2nd period - Connor Dewar wins face-off versus Nick Suzuki in neutral zone.
2:48 of 2nd period - Shot by Blake Wheeler.
2:48 of 2nd period - Deflect By Tim Stutzle.
2:48 of 2nd period - Stopped by Thomas Greiss with a rebound.
3:58 of 2nd period - Shot by Mark Stone.
3:58 of 2nd period - Shot Misses the Net.
4:00 of 2nd period - Shot by Mark Stone.
4:00 of 2nd period - Shot Misses the Net.
4:04 of 2nd period - Shot by Artemi Panarin.
4:04 of 2nd period - Shot Blocked by Arber Xhekaj.
4:06 of 2nd period - Shot by Zach Werenski.
4:06 of 2nd period - Stopped by Juuse Saros without a rebound.
4:07 of 2nd period - Jack Roslovic wins face-off versus Josh Norris in Avalanche zone.
4:10 of 2nd period - Shot by Vladislav Namestnikov.
4:10 of 2nd period - Shot Misses the Net.
4:32 of 2nd period - Shot by Marcus Foligno.
4:32 of 2nd period - Stopped by Juuse Saros without a rebound.
4:33 of 2nd period - Ross Colton wins face-off versus Rafael Harvey-Pinard in Avalanche zone.
4:39 of 2nd period - Colton Parayko is hit by Miro Heiskanen and loses puck.
4:42 of 2nd period - Shot by Ross Colton.
4:42 of 2nd period - Deflect By Dillon Dube.
4:42 of 2nd period - Shot Misses the Net.
4:58 of 2nd period - Shot by Connor Dewar.
4:58 of 2nd period - Stopped by Thomas Greiss without a rebound.
4:59 of 2nd period - Tomas Hertl wins face-off versus Josh Norris in Golden Knights zone.
5:39 of 2nd period - Artemi Panarin is hit by Josh Norris and loses puck.
5:56 of 2nd period - Shot by Vladislav Namestnikov.
5:56 of 2nd period - Shot Misses the Net.
6:13 of 2nd period - Jack Roslovic is hit by Travis Sanheim and loses puck.
6:22 of 2nd period - Shot by Marcus Foligno.
6:22 of 2nd period - Shot Blocked by Mike Matheson.
6:33 of 2nd period - Mike Matheson is hit by Miro Heiskanen and loses puck.
6:49 of 2nd period - Icing by Zach Werenski.
6:50 of 2nd period - Jonathan Toews wins face-off versus Jack Roslovic in Golden Knights zone.
7:05 of 2nd period - Shot by Jonathan Toews.
7:05 of 2nd period - Stopped by Thomas Greiss without a rebound.
7:06 of 2nd period - Mark Stone wins face-off versus Adam Henrique in Golden Knights zone.
7:19 of 2nd period - Mark Stone is hit by Michael Anderson and loses puck.
7:45 of 2nd period - Icing by Adam Boqvist.
7:46 of 2nd period - Tomas Hertl wins face-off versus Ross Colton in Golden Knights zone.
7:53 of 2nd period - Icing by Connor Dewar.
7:54 of 2nd period - Ross Colton wins face-off versus Nick Suzuki in Avalanche zone.
8:14 of 2nd period - Icing by Kirby Dach.
8:15 of 2nd period - Jonathan Toews wins face-off versus Nick Suzuki in Golden Knights zone.
9:27 of 2nd period - Icing by Adam Henrique.
9:28 of 2nd period - Adam Henrique wins face-off versus Jack Roslovic in Avalanche zone.
10:06 of 2nd period - Off-side.
10:07 of 2nd period - Ross Colton wins face-off versus Nick Suzuki in neutral zone.
10:31 of 2nd period - Shot by Nick Suzuki.
10:31 of 2nd period - Shot Blocked by Arber Xhekaj.
10:49 of 2nd period - Shot by Ross Colton.
10:49 of 2nd period - Stopped by Thomas Greiss without a rebound.
10:50 of 2nd period - Josh Norris wins face-off versus Tomas Hertl in Golden Knights zone.
10:50 of 2nd period - Troy Terry is hit by Adam Boqvist and loses puck.
10:57 of 2nd period - Shot by Troy Terry.
10:57 of 2nd period - Shot Blocked by Jakob Chychrun.
10:59 of 2nd period - Shot by Colton Parayko.
10:59 of 2nd period - Stopped by Thomas Greiss without a rebound.
11:00 of 2nd period - Jack Roslovic wins face-off versus Jonathan Toews in Golden Knights zone.
11:57 of 2nd period - Icing by Travis Sanheim.
11:58 of 2nd period - Artemi Panarin wins face-off versus Jonathan Toews in Avalanche zone.
12:17 of 2nd period - Shot by Artemi Panarin.
12:17 of 2nd period - Shot Misses the Net.
12:51 of 2nd period - Shot by Max Pacioretty.
12:51 of 2nd period - Deflect By Josh Norris.
12:51 of 2nd period - Shot Misses the Net.
12:56 of 2nd period - Icing by Tomas Hertl.
12:57 of 2nd period - Adam Henrique wins face-off versus Tomas Hertl in Golden Knights zone.
13:00 of 2nd period - Shot by Mikko Rantanen.
13:00 of 2nd period - Shot Misses the Net.
13:20 of 2nd period - Off-side.
13:21 of 2nd period - Ross Colton wins face-off versus Jack Roslovic in neutral zone.
14:44 of 2nd period - Shot by Nick Suzuki.
14:44 of 2nd period - Shot Misses the Net.
14:58 of 2nd period - Shot by Josh Norris.
14:58 of 2nd period - Stopped by Thomas Greiss without a rebound.
14:59 of 2nd period - Adam Henrique wins face-off versus Tomas Hertl in Golden Knights zone.
15:10 of 2nd period - Shot by Mikko Rantanen.
15:10 of 2nd period - Goal by Mikko Rantanen - Avalanche : 3 - Golden Knights : 1.
15:11 of 2nd period - Jonathan Toews wins face-off versus Derek Grant in neutral zone.
16:25 of 2nd period - Shot by Patrik Laine.
16:25 of 2nd period - Stopped by Thomas Greiss without a rebound.
16:26 of 2nd period - Josh Norris wins face-off versus Tomas Hertl in Golden Knights zone.
16:46 of 2nd period - Shot by Artemi Panarin.
16:46 of 2nd period - Shot Misses the Net.
17:04 of 2nd period - Shot by Josh Norris.
17:04 of 2nd period - Stopped by Thomas Greiss without a rebound.
17:05 of 2nd period - Adam Henrique wins face-off versus Nick Suzuki in Golden Knights zone.
17:05 of 2nd period - Patrik Laine is hit by Travis Hamonic.
17:30 of 2nd period - Icing by Colton Parayko.
17:31 of 2nd period - Jack Roslovic wins face-off versus Adam Henrique in Avalanche zone.
17:52 of 2nd period - Icing by Nick Blankenburg.
17:53 of 2nd period - Nick Suzuki wins face-off versus Adam Henrique in Avalanche zone.
18:17 of 2nd period - Icing by Zach Werenski.
18:18 of 2nd period - Nick Suzuki wins face-off versus Ross Colton in Golden Knights zone.
18:33 of 2nd period - Travis Sanheim is hit by T.J. Oshie and loses puck.
18:45 of 2nd period - Shot by Dillon Dube.
18:45 of 2nd period - Shot Misses the Net.
18:47 of 2nd period - Shot by Travis Sanheim.
18:47 of 2nd period - Shot Misses the Net.
19:15 of 2nd period - Travis Sanheim is hit by Artemi Panarin.
19:20 of 2nd period - Icing by Travis Sanheim.
19:21 of 2nd period - Ross Colton wins face-off versus Jack Roslovic in Avalanche zone.
19:21 of 2nd period - Dillon Dube is hit by Marcus Foligno and loses puck.
19:29 of 2nd period - Icing by Travis Hamonic.
19:30 of 2nd period - Jack Roslovic wins face-off versus Josh Norris in Golden Knights zone.
19:37 of 2nd period - Shot by Marcus Foligno.
19:37 of 2nd period - Shot Blocked by Colton Parayko.
19:55 of 2nd period - Shot by Max Pacioretty.
19:55 of 2nd period - Shot Misses the Net.
19:57 of 2nd period - Shot by Troy Terry.
19:57 of 2nd period - Stopped by Thomas Greiss without a rebound.
19:58 of 2nd period - Jonathan Toews wins face-off versus Tomas Hertl in Golden Knights zone.
Goals for this period are 1 for Avalanche vs 0 for Golden Knights.
Shots for this period are 10 for Avalanche vs 3 for Golden Knights.

3rd period


0:01 of 3rd period - Tomas Hertl wins face-off versus Jonathan Toews in neutral zone.
0:04 of 3rd period - Jonathan Toews is hit by Artemi Panarin and loses puck.
1:20 of 3rd period - Shot by Kirby Dach.
1:20 of 3rd period - Stopped by Juuse Saros without a rebound.
1:21 of 3rd period - Adam Henrique wins face-off versus Marcus Foligno in Avalanche zone.
1:25 of 3rd period - Michael Anderson is hit by Travis Hamonic and loses puck.
1:44 of 3rd period - Marcus Foligno is hit by Mikko Rantanen.
2:28 of 3rd period - Shot by Troy Terry.
2:28 of 3rd period - Shot Misses the Net.
2:30 of 3rd period - Shot by Josh Norris.
2:30 of 3rd period - Deflect By Troy Terry.
2:30 of 3rd period - Stopped by Thomas Greiss without a rebound.
2:31 of 3rd period - Nick Suzuki wins face-off versus Ross Colton in Golden Knights zone.
2:35 of 3rd period - Off-side.
2:36 of 3rd period - Josh Norris wins face-off versus Tomas Hertl in neutral zone.
3:04 of 3rd period - Mark Stone is hit by Josh Norris and loses puck.
3:45 of 3rd period - Shot by T.J. Oshie.
3:45 of 3rd period - Shot Blocked by Travis Sanheim.
3:51 of 3rd period - Shot by Adam Boqvist.
3:51 of 3rd period - Stopped by Juuse Saros without a rebound.
3:52 of 3rd period - Jonathan Toews wins face-off versus Jack Roslovic in Avalanche zone.
4:10 of 3rd period - Tim Stutzle is hit by Conor Timmins and loses puck.
4:58 of 3rd period - Off-side.
4:59 of 3rd period - Tomas Hertl wins face-off versus Adam Henrique in neutral zone.
5:15 of 3rd period - Artemi Panarin is hit by Arber Xhekaj and loses puck.
5:38 of 3rd period - Shot by Mark Stone.
5:38 of 3rd period - Deflect By Tomas Hertl.
5:38 of 3rd period - Stopped by Juuse Saros without a rebound.
5:39 of 3rd period - Ross Colton wins face-off versus Nick Suzuki in Avalanche zone.
5:39 of 3rd period - Ross Colton is hit by Nick Suzuki.
6:57 of 3rd period - Shot by Tim Stutzle.
6:57 of 3rd period - Stopped by Thomas Greiss with a rebound.
7:38 of 3rd period - Off-side.
7:39 of 3rd period - Josh Norris wins face-off versus Derek Grant in neutral zone.
7:44 of 3rd period - Shot by Troy Terry.
7:44 of 3rd period - Stopped by Thomas Greiss without a rebound.
7:45 of 3rd period - Tomas Hertl wins face-off versus Max Pacioretty in Golden Knights zone.
7:45 of 3rd period - Tomas Hertl is hit by Josh Norris.
8:05 of 3rd period - Shot by Artemi Panarin.
8:05 of 3rd period - Shot Misses the Net.
8:07 of 3rd period - Shot by Tomas Hertl.
8:07 of 3rd period - Shot Blocked by Colton Parayko.
8:09 of 3rd period - Shot by Conor Timmins.
8:09 of 3rd period - Stopped by Juuse Saros without a rebound.
8:10 of 3rd period - Nick Suzuki wins face-off versus Adam Henrique in Avalanche zone.
8:13 of 3rd period - Shot by T.J. Oshie.
8:13 of 3rd period - Shot Misses the Net.
8:35 of 3rd period - Shot by Patrik Laine.
8:35 of 3rd period - Stopped by Thomas Greiss with a rebound.
8:51 of 3rd period - Shot by Nick Suzuki.
8:51 of 3rd period - Stopped by Juuse Saros without a rebound.
8:52 of 3rd period - Josh Norris wins face-off versus Tomas Hertl in Avalanche zone.
8:52 of 3rd period - Josh Norris is hit by Tomas Hertl.
9:00 of 3rd period - Shot by Troy Terry.
9:00 of 3rd period - Goal by Troy Terry - Avalanche : 4 - Golden Knights : 1.
9:01 of 3rd period - Tomas Hertl wins face-off versus Max Pacioretty in neutral zone.
9:15 of 3rd period - Shot by Troy Terry.
9:15 of 3rd period - Shot Misses the Net.
9:25 of 3rd period - Shot by Max Pacioretty.
9:25 of 3rd period - Stopped by Thomas Greiss without a rebound.
9:26 of 3rd period - Nick Suzuki wins face-off versus Jonathan Toews in Golden Knights zone.
9:37 of 3rd period - Shot by Tim Stutzle.
9:37 of 3rd period - Shot Misses the Net.
10:28 of 3rd period - Icing by Miro Heiskanen.
10:29 of 3rd period - Adam Henrique wins face-off versus Nick Suzuki in Golden Knights zone.
10:30 of 3rd period - Shot by Mikko Rantanen.
10:30 of 3rd period - Shot Misses the Net.
11:07 of 3rd period - Icing by Jakob Chychrun.
11:08 of 3rd period - Tomas Hertl wins face-off versus Josh Norris in Golden Knights zone.
11:08 of 3rd period - Tomas Hertl is hit by Arber Xhekaj.
11:37 of 3rd period - Icing by Arber Xhekaj.
11:38 of 3rd period - Josh Norris wins face-off versus Jack Roslovic in Avalanche zone.
11:57 of 3rd period - Shot by Max Pacioretty.
11:57 of 3rd period - Deflect By Troy Terry.
11:57 of 3rd period - Shot Blocked by Travis Hamonic.
12:02 of 3rd period - Marcus Foligno is hit by Troy Terry and loses puck.
12:10 of 3rd period - Icing by Arber Xhekaj.
12:11 of 3rd period - Nick Suzuki wins face-off versus Josh Norris in Avalanche zone.
12:11 of 3rd period - Miro Heiskanen is hit by Arber Xhekaj and loses puck.
12:26 of 3rd period - Connor Dewar is hit by T.J. Oshie and loses puck.
12:37 of 3rd period - Shot by Dillon Dube.
12:37 of 3rd period - Stopped by Thomas Greiss with a rebound.
12:39 of 3rd period - Shot by Nick Blankenburg.
12:39 of 3rd period - Shot Blocked by Miro Heiskanen.
12:41 of 3rd period - Shot by Nick Blankenburg.
12:41 of 3rd period - Stopped by Thomas Greiss without a rebound.
12:42 of 3rd period - Adam Henrique wins face-off versus Tomas Hertl in Golden Knights zone.
13:18 of 3rd period - Minor Penalty to Mike Matheson for Hooking.
13:19 of 3rd period - T.J. Oshie wins face-off versus Connor Dewar in Avalanche zone.
13:21 of 3rd period - Marcus Foligno is hit by Arber Xhekaj and loses puck.
13:26 of 3rd period - Shot by Miro Heiskanen.
13:26 of 3rd period - Shot Blocked by Colton Parayko.
13:32 of 3rd period - Shot by Tomas Hertl.
13:32 of 3rd period - Goal by Tomas Hertl - Avalanche : 4 - Golden Knights : 2.
13:33 of 3rd period - Derek Grant wins face-off versus Josh Norris in neutral zone.
14:00 of 3rd period - Shot by Rafael Harvey-Pinard.
14:00 of 3rd period - Shot Blocked by Colton Parayko.
14:02 of 3rd period - Shot by Rafael Harvey-Pinard.
14:02 of 3rd period - Shot Misses the Net.
14:04 of 3rd period - Shot by Derek Grant.
14:04 of 3rd period - Goal by Derek Grant - Avalanche : 4 - Golden Knights : 3.
14:05 of 3rd period - Jack Roslovic wins face-off versus Jonathan Toews in neutral zone.
14:05 of 3rd period - Jack Roslovic is hit by Jonathan Toews.
14:10 of 3rd period - Zach Werenski is hit by Mike Matheson and loses puck.
15:15 of 3rd period - Shot by Mark Stone.
15:15 of 3rd period - Shot Misses the Net.
15:17 of 3rd period - Shot by Tomas Hertl.
15:17 of 3rd period - Stopped by Juuse Saros without a rebound.
15:18 of 3rd period - Nick Suzuki wins face-off versus Adam Henrique in Avalanche zone.
15:20 of 3rd period - Minor Penalty to T.J. Oshie for Interference.
15:21 of 3rd period - Tomas Hertl wins face-off versus Adam Henrique in Golden Knights zone.
15:48 of 3rd period - Shot by Max Pacioretty.
15:48 of 3rd period - Deflect By Mikko Rantanen.
15:48 of 3rd period - Stopped by Thomas Greiss without a rebound.
15:49 of 3rd period - Tomas Hertl wins face-off versus Josh Norris in Golden Knights zone.
17:01 of 3rd period - Mikko Rantanen is hit by Derek Grant and loses puck.
17:48 of 3rd period - Shot by T.J. Oshie.
17:48 of 3rd period - Shot Blocked by Michael Anderson.
17:50 of 3rd period - Shot by Adam Boqvist.
17:50 of 3rd period - Shot Misses the Net.
17:52 of 3rd period - Shot by T.J. Oshie.
17:52 of 3rd period - Stopped by Juuse Saros with a rebound.
18:08 of 3rd period - Icing by Dillon Dube.
18:09 of 3rd period - Ross Colton wins face-off versus Derek Grant in Avalanche zone.
18:16 of 3rd period - Icing by Austin Watson.
18:17 of 3rd period - Derek Grant wins face-off versus Adam Henrique in Golden Knights zone.
18:26 of 3rd period - Shot by Adam Henrique.
18:26 of 3rd period - Stopped by Thomas Greiss without a rebound.
18:27 of 3rd period - Jonathan Toews wins face-off versus Tomas Hertl in Golden Knights zone.
18:27 of 3rd period - Jonathan Toews is hit by Miro Heiskanen.
18:55 of 3rd period - Shot by Tim Stutzle.
18:55 of 3rd period - Stopped by Thomas Greiss without a rebound.
18:56 of 3rd period - Adam Henrique wins face-off versus Jack Roslovic in Golden Knights zone.
19:03 of 3rd period - Golden Knights, Thomas Greiss is pulled from the net.
19:15 of 3rd period - Shot by Jack Roslovic.
19:15 of 3rd period - Shot Blocked by Mike Matheson.
19:31 of 3rd period - Shot by Jack Roslovic.
19:31 of 3rd period - Shot Misses the Net.
19:33 of 3rd period - Shot by Conor Timmins.
19:33 of 3rd period - Stopped by Juuse Saros without a rebound.
19:34 of 3rd period - Artemi Panarin wins face-off versus Mikko Rantanen in Avalanche zone.
Goals for this period are 1 for Avalanche vs 2 for Golden Knights.
Shots for this period are 11 for Avalanche vs 10 for Golden Knights.